Map: [EWC] Site Delta

Players

GuMiho

  • Race: Terran Terran
  • Spawn Location: 5:00

HeroMarine - Winner!

  • Race: Terran Terran
  • Spawn Location: 11:00

Event: Esports World Cup 2024

VOD

Have the link to the VOD?

Description

Time

  • Played on: Aug. 15, 2024, 6:42 a.m.
  • Length: 12:07

All games in this series

Show
View Real Time Build Order
Export as new Build Order

GuMiho Terran 

Build Orders:  

Get SALT Encoding   

  12  0:00  SCV  
  13  0:12  SCV  
  14  0:16  Supply Depot  
  14  0:24  SCV  
  15  0:38  SCV  
  15  0:39  Barracks  
  16  0:44  Refinery  
  16  0:56  Barracks  
  16  1:00  SCV  
  17  1:12  SCV  
  19  1:27  Orbital Command, Reaper  
  19  1:29  Supply Depot  
  19  1:44  Reaper  
  20  1:53  SCV  
  21  2:03  Reaper  
  21  2:05  SCV  
  23  2:12  Command Center  
  23  2:19  SCV  
  23  2:20  Refinery  
  23  2:22  Reaper  
  25  2:31  SCV  
  25  2:43  SCV  
  25  2:52  Factory  
  25  2:53  Marine  
  25  2:55  SCV, Bunker  
  27  3:07  SCV  
  27  3:11  Marine  
  29  3:19  SCV  
  30  3:24  Orbital Command  
  30  3:28  Marine  
  30  3:31  SCV  
  32  3:36  Starport, Cyclone  
  34  3:43  SCV  
  34  3:45  Supply Depot  
  34  3:46  Marine  
  36  3:53  SCV  
  37  4:01  SCV  
  38  4:05  SCV  
  38  4:08  Barracks Reactor  
  38  4:09  Factory Tech Lab  
  39  4:12  Viking  
  41  4:17  Command Center  
  41  4:18  Barracks Tech Lab, SCV  
  41  4:19  SCV  
  43  4:27  Siege Tank  
  43  4:30  SCV  
  47  4:31  SCV  
  48  4:43  Supply Depot, SCV  
  48  4:44  SCV, Starport Reactor  
  50  4:46  Marine x3  
  50  4:47  Refinery, Stimpack  
  52  5:03  SCV x2  
  52  5:04  Marine x2  
  56  5:09  Supply Depot  
  56  5:10  Refinery  
  56  5:12  Refinery  
  56  5:15  SCV x2  
  56  5:21  Marine  
  58  5:22  Marine x2  
  58  5:27  SCV x2  
  61  5:30  Orbital Command  
  61  5:38  Marine  
  61  5:40  Marine  
  61  5:41  Marine  
  61  5:42  SCV x2  
  65  5:43  Siege Tank  
  68  5:51  Engineering Bay x2  
  68  5:55  Barracks  
  68  5:56  Marine  
  69  6:00  Viking  
  69  6:01  Viking  
  69  6:02  SCV x2  
  70  6:16  Marine x3  
  70  6:17  Siege Tank  
  60  6:22  SCV x2  
  49  6:33  Viking  
  49  6:34  SCV  
  52  6:42  Marine  
  52  6:43  Marine x2  
  52  6:44  SCV  
  55  6:49  Siege Tank  
  55  7:00  SCV x2  
  52  7:01  SCV  
  52  7:04  Combat Shield  
  52  7:07  Marine  
  52  7:08  Marine  
  55  7:11  Marine  
  55  7:12  SCV x2  
  58  7:20  Viking  
  58  7:22  Viking  
  62  7:24  SCV  
  62  7:27  SCV  
  62  7:28  SCV  
  65  7:35  Supply Depot  
  65  7:36  SCV, Marine  
  67  7:37  Marine  
  67  7:39  SCV  
  67  7:40  SCV, Marine  
  71  7:44  Siege Tank  
  74  7:53  Marine  
  74  7:55  Marine  
  74  7:57  Marine  
  74  7:58  Viking x2  
  80  8:02  SCV  
  80  8:03  SCV x2  
  82  8:11  Marine  
  78  8:13  Marine  
  78  8:14  SCV  
  78  8:15  SCV x2, Marine, Terran Infantry Weapons Level 1  
  78  8:16  Siege Tank  
  86  8:26  Terran Infantry Armor Level 1  
  86  8:29  Marine  
  86  8:30  Marine  
  86  8:33  Marine  
  89  8:34  Supply Depot  
  89  8:35  Supply Depot  
  89  8:38  Barracks  
  89  8:41  Barracks  
  89  8:44  Medivac  
  90  8:54  Marine  
  90  8:55  Marine x2  
  90  9:06  Siege Tank  
  90  9:09  SCV x3  
  96  9:12  Marine x2  
  96  9:13  Marine  
  99  9:19  Medivac x2  
  103  9:26  Orbital Command  
  103  9:30  Marine x3  
  106  9:38  SCV x2  
  108  9:39  Supply Depot  
  108  9:40  Supply Depot, Barracks Tech Lab  
  108  9:41  Command Center  
  108  9:46  Barracks Tech Lab  
  108  9:49  Concussive Shells, Marauder  
  108  9:50  SCV  
  108  9:52  SCV  
  108  9:54  SCV  
  99  10:18  Siege Tank, Marauder x3  
  99  10:19  SCV x3  
  111  10:22  Armory  
  111  10:30  Refinery  
  111  10:31  Supply Depot  
  111  10:32  Supply Depot  
  110  10:37  SCV x3  
  110  10:39  Marauder  
  110  10:42  Marauder  
  117  10:45  Barracks  
  117  10:46  Barracks x2, Marauder  
  117  10:49  SCV x3  
  122  11:00  Marauder  
  122  11:01  SCV x3  
  122  11:04  Marauder  
  129  11:05  Siege Tank  
  129  11:08  Supply Depot  
  129  11:09  Marauder  
  134  11:13  SCV x2  
  134  11:14  SCV  
  136  11:22  Marauder  
  136  11:23  Marine x2  
  136  11:25  SCV, Marauder  
  136  11:30  Marauder  
  122  11:41  Marine x2  
  122  11:43  Marauder  
  101  11:48  Marine  
  101  11:49  Marine x2  
Show
View Real Time Build Order
Export as new Build Order

HeroMarine Terran - Winner!

Build Orders: Liberator Opening, Mech 

Get SALT Encoding   

  12  0:00  SCV  
  13  0:12  SCV  
  14  0:17  Supply Depot  
  14  0:24  SCV  
  15  0:38  SCV  
  15  0:39  Barracks  
  16  0:43  Refinery  
  16  0:51  SCV  
  16  0:53  Refinery  
  17  1:03  SCV  
  18  1:15  SCV  
  19  1:27  Orbital Command, Reaper  
  19  1:31  Supply Depot  
  20  1:43  Factory  
  20  1:52  SCV  
  21  1:59  Reaper  
  22  2:04  SCV  
  23  2:16  SCV  
  23  2:21  Command Center  
  24  2:27  Hellion  
  24  2:29  SCV  
  26  2:35  Reaper  
  27  2:41  SCV  
  27  2:49  Starport, Hellion  
  29  2:55  SCV  
  29  2:56  Supply Depot  
  30  3:07  SCV  
  30  3:10  Barracks Reactor  
  31  3:18  Cyclone  
  31  3:19  SCV  
  34  3:25  Medivac  
  36  3:31  SCV  
  36  3:33  Refinery  
  37  3:44  SCV  
  37  3:47  Marine x2  
  40  3:50  Factory Tech Lab  
  40  3:52  Orbital Command  
  40  3:55  Liberator  
  43  3:56  SCV  
  44  4:05  Marine x2  
  44  4:06  Supply Depot  
  44  4:08  SCV  
  47  4:14  Siege Tank  
  50  4:19  SCV  
  50  4:20  SCV  
  52  4:31  SCV  
  52  4:32  SCV  
  56  4:46  Siege Tank  
  56  4:47  Supply Depot  
  56  4:50  Supply Depot  
  56  4:51  Viking x2  
  56  4:52  Marine  
  62  5:01  SCV  
  62  5:09  SCV  
  62  5:14  SCV  
  64  5:18  Siege Tank  
  68  5:21  SCV, Viking x2  
  68  5:26  SCV, Marine  
  73  5:32  Supply Depot  
  73  5:33  SCV  
  74  5:38  SCV  
  75  5:44  Marine  
  75  5:45  SCV  
  77  5:50  SCV  
  77  5:53  Siege Tank  
  81  5:57  SCV  
  81  6:01  Supply Depot, Command Center  
  81  6:02  SCV  
  83  6:06  Marine, Viking  
  85  6:11  SCV  
  85  6:12  Viking  
  85  6:14  SCV  
  80  6:23  SCV  
  81  6:26  SCV  
  71  6:35  SCV  
  71  6:36  Viking  
  71  6:38  Siege Tank, SCV  
  75  6:40  Marine  
  75  6:41  Refinery  
  75  6:42  Viking  
  75  6:45  Factory  
  76  6:47  SCV  
  76  6:50  Supply Depot, SCV  
  78  6:58  Marine  
  78  6:59  SCV  
  77  7:02  SCV  
  77  7:08  Factory, Viking  
  80  7:12  SCV, Viking  
  80  7:15  SCV  
  84  7:17  Orbital Command  
  84  7:19  Barracks Reactor  
  84  7:20  Cyclone  
  86  7:24  SCV  
  86  7:27  SCV, Refinery  
  88  7:31  Refinery  
  88  7:32  Cyclone  
  88  7:33  Hurricane Engines  
  88  7:36  SCV  
  91  7:38  Viking  
  91  7:39  SCV  
  94  7:46  Orbital Command  
  94  7:48  SCV, Viking  
  94  7:51  SCV  
  98  7:53  Cyclone  
  98  7:54  Cyclone  
  99  8:00  SCV  
  99  8:03  SCV  
  97  8:11  Cyclone  
  97  8:12  SCV  
  98  8:15  SCV x2  
  100  8:24  SCV, Engineering Bay  
  100  8:26  Cyclone, Viking x2  
  107  8:27  SCV x2  
  107  8:30  Factory  
  107  8:32  Supply Depot  
  107  8:33  Supply Depot, Factory  
  107  8:36  SCV  
  107  8:39  SCV x2  
  110  8:44  Cyclone  
  110  8:45  Cyclone x2  
  116  8:48  SCV  
  116  8:54  Supply Depot  
  117  8:58  Siege Tank  
  117  9:02  SCV x2  
  119  9:05  SCV  
  119  9:07  Sensor Tower  
  120  9:12  Infernal Pre-Igniter  
  120  9:14  SCV x2  
  120  9:16  Hellion  
  124  9:17  Hellion x2  
  124  9:22  Supply Depot  
  118  9:25  Medivac  
  118  9:26  Medivac  
  118  9:28  Factory Tech Lab x2  
  118  9:30  Siege Tank, Armory  
  123  9:39  Hellion x2  
  123  9:40  Factory Reactor  
  123  9:45  Missile Turret  
  127  9:46  Missile Turret x2  
  127  9:53  Siege Tank x2  
  133  10:02  Siege Tank, Hellion x2  
  133  10:03  Medivac  
  142  10:10  Medivac  
  138  10:22  Command Center  
  138  10:24  Hellion x2  
  138  10:27  Hellion x2  
  146  10:31  Siege Tank  
  149  10:35  Supply Depot  
  149  10:40  Supply Depot  
  149  10:41  Supply Depot  
  149  10:43  Siege Tank  
  149  10:48  Viking x2  
  156  10:57  Siege Tank  
  156  11:03  Siege Tank  
  162  11:08  Hellion  
  162  11:09  Hellion x3  
  170  11:14  Armory  
  170  11:16  Siege Tank  
  169  11:29  Hellion  
  169  11:31  Hellion  
  169  11:32  Hellion x2, Viking  
  177  11:33  Viking  
  177  11:38  Hellion  
Tags
 
Add a new tag
Caveats
  • Supply blocks, unpowered buildings, or Contaminate may cause inaccurate times.
  • Supply counts are checked every 10 seconds.